 Dungeon Crawl Stone Soup version 0.17-a0-1945-gfe993df (webtiles) character file.

65 Kusio the Cudgeler (level 4, -3/45 HPs)
             Began as an Ogre Hunter on Oct 1, 2015.
             Was an Initiate of Gozag.
             Slain by Grinder (5 damage)
             ... on level 3 of the Dungeon.
             The game lasted 00:04:04 (1243 turns).

Kusio the Cudgeler (Ogre Hunter)                    Turns: 1243, Time: 00:04:05

Health: -3/45      AC:  3    Str: 17    XL:     4   Next: 14%
Magic:  4/4        EV: 15    Int: 10    God:    Gozag
Gold:   92         SH:  0    Dex: 16    Spells: 0 memorised, 3 levels left

rFire  + . .     SeeInvis +     g - +0 whip
rCold  + . .     Clarity  .     d - +0 robe
rNeg   . . .     SustAt   .     (no shield)
rPois  +         Gourm    .     (helmet restricted)
rElec  +         Spirit   .     (no cloak)
rCorr  +         Warding  .     (gloves unavailable)
rMut   .         Stasis   .     (boots unavailable)
MR     .....                    (no amulet)
Stlth  ++++......               k - ring of stealth
                                j - ring of see invisible

@: agile, resistant, flying (expiring), very slightly contaminated, hasted
(expiring), very quick, not resistant to hostile enchantments, stealthy
A: unfitting armour, tough skin 1
a: Potion Petition, Call Merchant, Bribe Branch, Renounce Religion


You were on level 3 of the Dungeon.
You worshipped Gozag.
Gozag was noncommittal.
You were very hungry.

You visited 1 branch of the dungeon, and saw 3 of its levels.

You collected 127 gold pieces.
You paid 35 gold pieces to Gozag.

Inventory:

Hand weapons
 g - a +0 whip (weapon)
Missiles
 b - 2 throwing nets (quivered)
Armour
 d - a +0 robe (worn)
Jewellery
 j - a ring of see invisible (left hand)
 k - a ring of stealth (right hand)
 m - an uncursed ring of ice {unknown}
Scrolls
 c - a scroll of enchant armour {unknown}
 f - a scroll of amnesia {unknown}
 h - a scroll of fog {unknown}
 l - a scroll of remove curse {unknown}
 n - 2 scrolls of teleportation {unknown}
 o - a scroll of noise {unknown}
 p - a scroll of enchant weapon {unknown}
 q - a scroll of identify {unknown}
Potions
 i - 2 potions of curing
 r - a potion of haste {unknown}
Books
 s - a book of Changes

   Spells                             Type                      Level
   a - Beastly Appendage              Transmutation                1
   b - Sticks to Snakes               Transmutation                2
   c - Spider Form                    Transmutation/Poison         3
   d - Ice Form                       Ice/Transmutation            4
   e - Blade Hands                    Transmutation                5
Comestibles
 e - 4 bread rations
 t - a royal jelly


   Skills:
 - Level 3.0 Fighting
 + Level 4.6 Maces & Flails
 - Level 4.3 Throwing
 - Level 1.7 Dodging
 - Level 0.7 Stealth


You had 3 spell levels left.
You didn't know any spells.

Dungeon Overview and Level Annotations

Branches:
Dungeon (3/15)

Altars:
Gozag
Vehumet

Annotations:
D:3 Grinder


Innate Abilities, Weirdness & Mutations

You are too large for most types of armour.
You have tough skin (AC +1).


Message History

Press: ? - help, Shift-Dir - straight line, f/p - Grinder
Aim: Grinder (heavily wounded)
You throw a large rock. The large rock hits Grinder!
Grinder is severely wounded.
Your extra speed is starting to run out.
Grinder drinks a potion.
Grinder is healed!
Throwing (i - inventory. (,) - cycle):
a - a large rock (quivered)
Press: ? - help, Shift-Dir - straight line, f/p - Grinder
Aim: Grinder (heavily wounded)
You throw a large rock. The large rock hits Grinder!
Grinder is severely wounded.
Drink which item? (? for menu, Esc to quit)
Okay, then.
You barely miss Grinder.
Grinder is severely wounded.
Grinder hits you.
* * * LOW HITPOINT WARNING * * *
You writhe in agony.
You die...
Your body crumbles into a pile of gold.

############
#..........#
#..........#
#.....@....#
#.....5....#
#..........#
#.....)....#
#...........#
#............#
#.............
#.............


You could see Grinder.

Vanquished Creatures
  Terence (D:2)
  An adder (D:2)
  A gnoll (D:2)
  A giant gecko (D:2)
  2 bats (D:1)
  3 goblins
  A hobgoblin (D:1)
  4 jackals (D:1)
  3 kobolds
  A giant cockroach (D:2)
  2 giant newts
  3 rats
23 creatures vanquished.

Notes
Turn   | Place    | Note
--------------------------------------------------------------
     0 | D:1      | Kusio the Ogre Hunter began the quest for the Orb.
     0 | D:1      | Reached XP level 1. HP: 22/22 MP: 1/1
   132 | D:1      | Reached skill level 1 in Maces & Flails
   240 | D:1      | Reached XP level 2. HP: 28/31 MP: 2/2
   800 | D:2      | Reached XP level 3. HP: 17/37 MP: 3/3
   828 | D:2      | Noticed Terence
   831 | D:2      | Killed Terence
   909 | D:2      | Reached XP level 4. HP: 14/45 MP: 4/4
  1183 | D:2      | Found a radiant altar of Vehumet.
  1183 | D:2      | Found an opulent altar of Gozag.
  1192 | D:2      | Became a worshipper of Gozag Ym Sagoz the Greedy
  1219 | D:3      | Noticed Grinder
  1230 | D:3      | Paralysed by Grinder for 7 turns
  1243 | D:3      | HP: 2/45 [Grinder (6)]
  1243 | D:3      | Slain by Grinder

Vault maps used:
D:1:      co_arrival_random_square_maze
D:2:      gammafunk_temple_overflow_pools, minmay_statues_item,
          kennysheep_generic_room_2, uniq_terence
D:3:      uniq_natasha, uniq_grinder

Action                   |  1- 3 |  4- 6 || total
-------------------------+-------+-------++-------
Melee: Whip              |    79 |    22 ||   101
       Short sword       |     3 |       ||     3
Throw: Large rock        |     6 |     4 ||    10
Invok: Potion Petition   |       |     1 ||     1
 Stab: Sleeping          |     2 |     1 ||     3
